 Dungeon Crawl Stone Soup version 0.20-a0-971-g5896763 (webtiles) character file.

226 Hybris the Skirmisher (level 6, 0/58 HPs)
             Began as an Ogre Gladiator on Apr 8, 2017.
             Succumbed to an adder's poison
             ... on level 3 of the Dungeon.
             The game lasted 00:02:52 (1402 turns).

Hybris the Skirmisher (Ogre Gladiator)              Turns: 1402, Time: 00:02:53

Health: 0/58       AC:  3    Str: 23    XL:     6   Next: 1%
Magic:  6/6        EV: 11    Int:  9    God:
Gold:   60         SH:  0    Dex: 10    Spells: 5/5 levels left

rFire    . . .     SeeInvis .   n - +0 scythe (protect)
rCold    . . .     Gourm    .   (shield currently unavailable)
rNeg     . . .     Faith    .   b - +0 robe
rPois    .         Spirit   .   c - +0 hat
rElec    .         Reflect  .   (no cloak)
rCorr    .         Harm     .   (gloves unavailable)
MR       +....                  (boots unavailable)
Stlth    +.........             (no amulet)
Regen    0.2/turn               (no ring)
MPRegen  0.1/turn               (no ring)

@: lethally poisoned (0 -> -4), flying
A: unfitting armour, frail 1, magic resistance 1, strong 1, tough skin 1
a: no special abilities


You were on level 3 of the Dungeon.
You were not hungry.

You visited 1 branch of the dungeon, and saw 3 of its levels.

You collected 60 gold pieces.

Inventory:

Hand Weapons
 e - a +2 whip of venom
 n - a +0 scythe of protection (weapon)
Missiles
 d - 3 throwing nets (quivered)
Armour
 b - a +0 robe (worn)
 c - a +0 hat (worn)
Scrolls
 a - a scroll of magic mapping
 h - a scroll of teleportation
 j - a scroll of fear
 l - a scroll of identify
Comestibles
 f - 2 bread rations


   Skills:
 + Level 4.8 Fighting
 - Level 3.2 Maces & Flails
 * Level 3.3 Polearms
 - Level 2.0 Throwing
 + Level 3.5 Dodging


You had 5 spell levels left.
You didn't know any spells.

Dungeon Overview and Level Annotations

Branches:
Dungeon (3/15)

Altars:


Innate Abilities, Weirdness & Mutations

You are too large for most types of armour.
You have tough skin. (AC +1)
You are frail. (-10% HP)
You are resistant to hostile enchantments. (MR+)
Your muscles are strong. (Str +2)


Message History

You feel sick.
You aren't carrying any potions.
Okay, then.
As you read the scroll labeled FAIQIX LUGI, it crumbles to dust.
You feel strangely unstable.
It was a scroll of teleportation.
* * * LOW HITPOINT WARNING * * *
You feel sick.
As you read the scroll labeled ODEEPH BIQYMYTADA, it crumbles to dust.
You assume a fearsome visage.
Nothing appears to happen.
It was a scroll of fear.
As you read the scroll labeled KYFUERR HUIN, it crumbles to dust.
It is a scroll of identify.
a - a scroll of magic mapping
* * * LOW HITPOINT WARNING * * *
You feel sick.
As you read the scroll labeled MOLICE FENA, it crumbles to dust.
The air around you briefly surges with heat, but it dissipates.
It was a scroll of immolation.
Your surroundings suddenly seem different.
You die...

####
#..
#.#
#@#
#.#
..#
####


There were no monsters in sight!

Vanquished Creatures
  Sigmund (D:3)
  An adder (D:3)
  An ooze (D:2)
  2 dart slugs
  2 leopard geckos
  An orc (D:3)
  A ball python (D:3)
  6 bats
  3 giant cockroaches
  3 goblins (D:2)
  8 hobgoblins
  7 kobolds
  5 frilled lizards
  6 rats
47 creatures vanquished.

Notes
Turn   | Place    | Note
-------+----------+-------------------------------------------
     0 | D:1      | Hybris the Ogre Gladiator began the quest for the Orb.
     0 | D:1      | Reached XP level 1. HP: 22/22 MP: 1/1
    50 | D:1      | Reached skill level 3 in Fighting
    75 | D:1      | Reached XP level 2. HP: 31/31 MP: 2/2
   302 | D:1      | Reached XP level 3. HP: 37/39 MP: 3/3
   397 | D:1      | Reached skill level 1 in Maces & Flails
  1156 | D:3      | Noticed Sigmund
  1172 | D:3      | Killed Sigmund
  1172 | D:3      | Reached skill level 4 in Fighting
  1172 | D:3      | Reached XP level 4. HP: 26/49 MP: 4/4
  1172 | D:3      | Reached XP level 5. HP: 30/55 MP: 5/5
  1394 | D:3      | Gained mutation: Your muscles are strong. (Str +2) [potion of mutation]
  1394 | D:3      | Gained mutation: You are frail. (-10% HP) [potion of mutation]
  1394 | D:3      | Gained mutation: You are resistant to hostile enchantments. (MR+) [potion of mutation]
  1398 | D:3      | Reached XP level 6. HP: 4/58 MP: 6/6
  1398 | D:3      | HP: 2/58 [poisoned by an adder]
  1402 | D:3      | Succumbed to an adder's poison

Vault maps used:
D:1:      minmay_arrival_nine_rooms, minmay_misc_feat_enclosed
D:3:      lemuel_coloured_pillars_altar, lemuel_round_altar, uniq_sigmund,
          uniq_natasha

Skill      XL: |  1  2  3 |
---------------+----------+-----
Fighting       | 3 4 |  4.8
Maces & Flails | 3 |  3.2
Dodging        | 3 |  3.5
Polearms       | |  3.3
Throwing       | |  2.0

Action                   |  1- 3 |  4- 6 || total
-------------------------+-------+-------++-------
Melee: Trident           |    14 |       ||    14
       Whip              |    85 |     2 ||    87
       Scythe            |       |    16 ||    16
  Use: Potion            |     1 |     2 ||     3
       Scroll            |       |     4 ||     4
  Eat: Chunk             |     1 |     1 ||     2
Armor: Robe              |    27 |     5 ||    32
Dodge: Dodged            |    41 |    15 ||    56
